 Dungeon Crawl Stone Soup version 0.31-a0-845-g9abc20d24f (webtiles) character file.

Game seed: 4215549660358491184

0 Kurtz the Shield-Bearer (level 1, -2/16 HPs)
             Began as an Octopode Fighter on Oct 1, 2023.
             Slain by a ball python (3 damage)
             ... on level 1 of the Dungeon.
             The game lasted 00:00:39 (99 turns).

Kurtz the Shield-Bearer (Octopode Fighter)            Turns: 99, Time: 00:00:40

Health: -2/16      AC:  1    Str: 14 (15) XL:     1   Next: 10%
Magic:  1/1        EV: 12    Int:  8 (10) God:
Gold:   0          SH:  4    Dex:  8 (11) Spells: 0/0 levels left

rFire   . . .        a - +0 war axe
rCold   . . .        b - +0 buckler
rNeg    . . .        (helmet restricted)
rPois   .            (no amulet)
rElec   .            (no ring)
rCorr   .            (no ring)
SInv    .            (no ring)
Will    .....        (no ring)
Stlth   ++           (no ring)
HPRegen 0.22/turn    (no ring)
MPRegen 0.07/turn    (no ring)
                     (no ring)

%: no passive effects
@: no status effects
A: almost no armour, amphibious, 8 rings, camouflage 1, gelatinous body 1,
(nimble swimmer 1), tentacles
a: no special abilities


You were on level 1 of the Dungeon.
You visited 1 branch of the dungeon, and saw 1 of its levels.

Inventory:

Hand Weapons
 a - a +0 war axe (weapon)
Armour
 b - a +0 buckler (worn)
Potions
 c - a potion of might
 e - a potion of magic {unknown}


   Skills:
 + Level 3.0 Fighting
 + Level 2.0 Axes
 + Level 3.0 Dodging
 + Level 3.0 Shields


You couldn't memorise any spells.
You didn't know any spells.
Your spell library was empty.

Dungeon Overview and Level Annotations

Branches:
Dungeon (1/15)

Altars:


Innate Abilities, Weirdness & Mutations

You cannot wear most types of armour.
You are amphibious.
You can wear up to eight rings at the same time.
Your skin changes colour to match your surroundings (Stealth+).
Your rubbery body absorbs attacks. (AC +1, EV +1)
((You are camouflaged when in or above water. (Stealth+)))
You have tentacles for arms and can constrict up to eight enemies at once.


Message History

You are too injured to fight recklessly!
Unknown command.
You hit the giant cockroach but do no damage.
Your grab misses the giant cockroach. You miss the goblin.
You closely miss the bat. The bat misses you.
The giant cockroach closely misses you.
A ball python comes into view.
The goblin barely misses you. The bat closely misses you.
You barely miss the bat.
The ball python hisses angrily.
You hit the giant cockroach. You miss the goblin. The bat hits you.
The goblin hits you with a +0 club. The giant cockroach bites you.
The goblin barely misses you. The giant cockroach misses you.
Unknown command.
The giant cockroach attacks as it pursues you!
The giant cockroach barely misses you. The bat closely misses you.
The giant cockroach closely misses you. You block the bat's attack.
The giant cockroach completely misses you.
The bat barely misses you. The bat misses you.
The ball python closely misses you. The ball python grabs you.
The ball python constricts you.
The ball python's grasp on you weakens, but your attempt to escape fails.
The bat barely misses you. The ball python bites you.
* * * LOW HITPOINT WARNING * * *
The ball python constricts you.
* * * LOW HITPOINT WARNING * * *
The giant cockroach waves its antennae.
The giant cockroach bites you.
* * * LOW HITPOINT WARNING * * *
You escape the ball python's grasp.
The bat hits you.
* * * LOW HITPOINT WARNING * * *
The ball python attacks as it pursues you!
The ball python closely misses you. x2
There is a stone staircase leading down here.
It was a potion of degeneration.
There was something very wrong with that liquid.
You feel weakened.
You feel dopey.
You feel clumsy. The ball python bites you.
You die...

.############## ............... .
............. . ......?....# .#
#.# #.......# #.# #.#
#.......####.# ##.#
#......g.....######..######
#..###..gB#B....########...# #..
####bS@...............# #.
#....###.##.######.##.# #
#.#####..##.#....#.##.# #
###.#####..##.#.##.#.##.# ##.
##..........##.#.#..#.##.#
###..###...######).##.#.#<.#.##.#
..#....#..## ##...##.#.####.##.#
..........# #....##.#.........#
.........## #.##....#######...#


You could see 2 giant cockroaches, 2 goblins, a bat and a ball python.

Vanquished Creatures
  A frilled lizard (D:1)
1 creature vanquished.

Notes
Turn   | Place    | Note
-------+----------+-------------------------------------------
     0 | D:1      | Kurtz the Octopode Fighter began the quest for the Orb.
     0 | D:1      | Reached XP level 1. HP: 16/16 MP: 1/1
    99 | D:1      | Slain by a ball python

Illustrated notes

Levels and vault maps discovered:
D:1:      zelgadis_glass_arrival_small, layout_rooms

Action                     || total
---------------------------++-------
  Melee: War axe           ||     4
    Use: Potion            ||     1
 Armour: Skin              ||    10
  Dodge: Dodged            ||    21
  Block: Buckler           ||     1

Table legend: (Time is in decaauts)
 A = Elapsed time spent in this place.
 B = Non-inter-level travel time spent in this place.
 C = Inter-level travel time spent in this place.
 D = Time resting spent in this place.
 E = Time spent auto-exploring this place.
 F = Levels seen in this place.
 G = Mean time per level.
                   A        B        C        D        E       F      G
               +--------+--------+--------+--------+--------+-----+--------+
         Total |    101 |    101 |      0 |      0 |     73 |   1 |  101.0 |
       Dungeon |    101 |    101 |      0 |      0 |     73 |   1 |  101.0 |
               +--------+--------+--------+--------+--------+-----+--------+

Top non-repeatable levels by time:
     D:1: 101 daAuts
